 Dungeon Crawl Stone Soup version 0.19-a0-1019-g9c6a58d (webtiles) character file.

57 rageheart7 the Conjurer (level 3, -2/14 HPs)
             Began as a Felid Conjurer on July 25, 2016.
             Slain by Ijyb
             ... wielding a +2 dagger of holy wrath
              (4 damage)
             ... on level 2 of the Dungeon.
             The game lasted 00:05:38 (1660 turns).

rageheart7 the Conjurer (Felid Conjurer)            Turns: 1660, Time: 00:05:39

Health: -2/14      AC:  1    Str:  5    XL:     3   Next: 73%
Magic:  1/7        EV: 19    Int: 16    God:
Gold:   8          SH:  0    Dex: 16    Spells: 2 memorised, 3 levels left
                                        Lives:  0   Deaths: 0

rFire  . . .     SeeInvis +     (weapon unavailable)
rCold  . . .     Gourm    .     (armour unavailable)
rNeg   . . .     Faith    .     (shield unavailable)
rPois  .         Spirit   .     (helmet unavailable)
rElec  .         Dismiss  .     (cloak unavailable)
rCorr  .         Reflect  .     (gloves unavailable)
SustAt .         Harm     .     (boots unavailable)
MR     +....                    (no amulet)
Stlth  ++++......               i - ring of stealth
                                e - ring of protection from magic

@: very slightly contaminated, hasted, very quick, somewhat resistant to hostile
enchantments, stealthy
A: no armour, no weapons or thrown items, claws 1, fangs 3, see invisible,
carnivore 3, speed 1, shaggy fur 1, slow metabolism 1, sharp paws
a: no special abilities


You were on level 2 of the Dungeon.
You were completely stuffed.

You visited 1 branch of the dungeon, and saw 2 of its levels.

You collected 8 gold pieces.

Inventory:

Jewellery
 e - a ring of protection from magic (left paw)
 i - a ring of stealth (right paw)
Scrolls
 d - a scroll of blinking
Books
 a - a book of Conjurations

   Spells                             Type                      Level
   a - Magic Dart                     Conjuration                  1
   b - Searing Ray                    Conjuration                  2
   c - Dazzling Spray                 Conjuration/Hexes            3
   d - Fulminant Prism                Conjuration/Hexes            4
   e - Iskenderun's Mystic Blast      Conjuration                  4
   f - Iskenderun's Battlesphere      Conjuration/Charms           5
Comestibles
 b - 2 meat rations
 f - 5 chunks of flesh
 g - a slice of pizza


   Skills:
 * Level 3.4 Dodging
 + Level 2.8 Stealth
 - Level 2.0 Spellcasting
 * Level 4.6 Conjurations


You had 3 spell levels left.
You knew the following spells:

 Your Spells              Type           Power        Failure   Level  Hunger
a - Magic Dart            Conj           ###.         3%          1    #......
b - Searing Ray           Conj           ###...       6%          2    ###....


Dungeon Overview and Level Annotations

Branches:
Dungeon (2/15)

Altars:

Annotations:
D:2 Ijyb


Innate Abilities, Weirdness & Mutations

You cannot wear armour.
You are incapable of wielding weapons or throwing items.
You have sharp claws.
You have razor-sharp teeth.
You have supernaturally acute eyesight. (SInv)
You are carnivorous and can eat meat at any time.
You cover ground quickly.
You are covered in fur. (AC +1)
You have a slow metabolism.
Your sharp claws are effective at attacking unaware monsters.


Message History

Ijyb hits you with a dagger of holy wrath.
You scratch Ijyb.
Ijyb is severely wounded.
Ijyb hits you with a dagger of holy wrath.
* * * LOW HITPOINT WARNING * * *
You scratch Ijyb.
Ijyb is severely wounded.
You barely miss Ijyb.
Ijyb is severely wounded.
Ijyb closely misses you.
You scratch Ijyb.
Ijyb is severely wounded.
Ijyb hits you with a dagger of holy wrath.
* * * LOW HITPOINT WARNING * * *
You miss Ijyb. Your bite misses Ijyb.
Ijyb is severely wounded.
You scratch Ijyb but do no damage.
Ijyb is severely wounded.
Ijyb hits you with a dagger of holy wrath.
You die...

############ #≈≈
..)....'...# #≈≈
.......g...# #≈≈####
...†...#@..#
#≈≈...##########...#
#≈≈...#............#
#≈≈...#)...........#
#≈≈..##'##.....##'##
#≈≈..#...#....)# ..#
#≈≈..#...#.....# ..#
#≈≈..#...#.....# ..#
#≈≈..##'##.....# '##


You could see Ijyb.

Vanquished Creatures
  3 dart slugs
  A giant gecko (D:1)
  3 bats
  14 goblins
  6 hobgoblins
  5 jackals
  A giant newt (D:1)
  2 kobolds
  3 rats
38 creatures vanquished.

Vanquished Creatures (others)
  An adder (D:2)
  A giant gecko (D:2)
2 creatures vanquished.

Grand Total: 40 creatures vanquished

Notes
Turn   | Place    | Note
-------+----------+-------------------------------------------
     0 | D:1      | rageheart7 the Felid Conjurer began the quest for the Orb.
     0 | D:1      | Reached XP level 1. HP: 7/7 MP: 4/4
   374 | D:1      | Reached skill level 4 in Conjurations
   374 | D:1      | Reached XP level 2. HP: 11/11 MP: 0/6
   925 | D:1      | Reached XP level 3. HP: 8/14 MP: 0/7
  1333 | D:2      | Learned a level 2 spell: Searing Ray
  1635 | D:2      | Noticed Ijyb
  1660 | D:2      | Slain by Ijyb

Vault maps used:
D:1:      dpeg_arrival_lava_temple_mockup, bh_walls_and_bars
D:2:      kennysheep_goblin_castle, lemuel_statue_altar, uniq_crazy_yiuf_cottage

Skill      XL: |  1  2  3 |
---------------+----------+-----
Conjurations   | 4 |  4.6
Dodging        | 3 |  3.4
Stealth        | |  2.8
Spellcasting   | |  2.0

Action                   || total
-------------------------++-------
Melee: Unarmed           ||    83
       Bite              ||     7
 Cast: Magic Dart        ||    67
  Use: Scroll            ||     4
       Potion            ||     5
  Eat: Chunk             ||    10
Armor: Skin              ||     5
Dodge: Dodged            ||   102
